TOP OF THE 1ST |
Milwaukee (NYP) Brewers batting - Pitching for Brooklyn Cyclones : RHP David Mejia
|
Pitching: RHP David Mejia
|
|
Batting: SHB Sam Bingham
|
0-0: Called Strike 0-1: Foul Ball, location: 2F 0-2: Foul Ball, location: 2F 0-2: Foul Ball, location: 2F 0-2: Ball 1-2: Fly out, F7 (Flyball, 78S, EV 90.0 MPH)
|
Batting: LHB Mark Backstrom
|
0-0: Fly out, F5 (Popup, 56, EV 78.1 MPH)
|
Batting: RHB Ryan Miller
|
0-0: Ball 1-0: Ground out 4-3 (Groundball, 4, EV 86.2 MPH)
|
Top of the 1st over - 0 runs, 0 hits, 0 errors, 0 left on base; Milwaukee (NYP) 0 - Brooklyn 0 |
BOTTOM OF THE 1ST |
Brooklyn Cyclones batting - Pitching for Milwaukee (NYP) Brewers : RHP Josh Pelletier
|
Pitching: RHP Josh Pelletier
|
|
Batting: LHB Elmo Dreier
|
0-0: Ground out 4-3 (Groundball, 4, EV 85.6 MPH)
|
Batting: RHB Jack Nickleberry
|
0-0: Called Strike 0-1: SINGLE (Groundball, 56D, EV 106.2 MPH)
|
Batting: RHB Jake Geib
|
0-0: Ball 1-0: Ball 2-0: Called Strike Jack Nickleberry steals 2nd base 2-1: Fly out, F7 (Line Drive, 7S, EV 110.0 MPH)
|
Batting: LHB Miguel Ramos
|
0-0: Ball 1-0: Called Strike 1-1: Called Strike 1-2: Ball 2-2: Ball 3-2: Ground out 4-3 (Groundball, 4, EV 83.8 MPH)
|
Bottom of the 1st over - 0 runs, 1 hit, 0 errors, 1 left on base; Milwaukee (NYP) 0 - Brooklyn 0 |
TOP OF THE 2ND |
Milwaukee (NYP) Brewers batting - Pitching for Brooklyn Cyclones : RHP David Mejia
|
Batting: LHB Karel Hort
|
0-0: Ball 1-0: Ball 2-0: Swinging Strike 2-1: Called Strike 2-2: Foul Ball, location: 2F 2-2: Foul Ball, location: 2F 2-2: Ball 3-2: Foul Ball, location: 2F 3-2: Strikes out swinging
|
Batting: RHB Jeremy Harden
|
0-0: Ball 1-0: Ball 2-0: Swinging Strike 2-1: Ball 3-1: Called Strike 3-2: SINGLE (Groundball, 56S, EV 68.1 MPH) (infield hit)
|
Batting: SHB Jerry Duffy
|
0-0: Ball 1-0: Ball 2-0: Ball 3-0: Ground out 6-3 (Groundball, 6M, EV 86.9 MPH) Jeremy Harden to second
|
Batting: LHB Paul Collins
|
0-0: Ground out 6-3 (Groundball, 56D, EV 78.1 MPH)
|
Top of the 2nd over - 0 runs, 1 hit, 0 errors, 1 left on base; Milwaukee (NYP) 0 - Brooklyn 0 |
BOTTOM OF THE 2ND |
Brooklyn Cyclones batting - Pitching for Milwaukee (NYP) Brewers : RHP Josh Pelletier
|
Batting: RHB Ryan Marler
|
0-0: Ball 1-0: Fly out, F9 (Flyball, 9LM, EV 85.0 MPH)
|
Batting: RHB Victor Reyes
|
0-0: Called Strike 0-1: Swinging Strike 0-2: Strikes out swinging
|
Batting: RHB Trent Hood
|
0-0: Ball 1-0: Called Strike 1-1: Ball 2-1: Ground out 6-3 (Groundball, 6, EV 85.6 MPH)
|
Bottom of the 2nd over - 0 runs, 0 hits, 0 errors, 0 left on base; Milwaukee (NYP) 0 - Brooklyn 0 |
TOP OF THE 3RD |
Milwaukee (NYP) Brewers batting - Pitching for Brooklyn Cyclones : RHP David Mejia
|
Batting: RHB Dusty Bates
|
0-0: Ball 1-0: Called Strike 1-1: Called Strike 1-2: Strikes out swinging
|
Batting: RHB Dan Allred
|
0-0: Called Strike 0-1: SINGLE (Line Drive, 6MD, EV 101.9 MPH)
|
Batting: SHB Sam Bingham
|
0-0: Ball 1-0: Foul Ball, location: 2F 1-1: Swinging Strike 1-2: Foul Ball, location: 2F 1-2: Ball 2-2: Strikes out looking
|
Batting: LHB Mark Backstrom
|
0-0: Called Strike 0-1: Ball 1-1: Called Strike 1-2: Strikes out swinging
|
Top of the 3rd over - 0 runs, 1 hit, 0 errors, 1 left on base; Milwaukee (NYP) 0 - Brooklyn 0 |
BOTTOM OF THE 3RD |
Brooklyn Cyclones batting - Pitching for Milwaukee (NYP) Brewers : RHP Josh Pelletier
|
Batting: SHB Callum Lynch
|
0-0: Foul Ball, location: 2F 0-1: Ground out 5-3 (Groundball, 56, EV 88.1 MPH)
|
Batting: RHB Roberto Delgado
|
0-0: Swinging Strike 0-1: Swinging Strike 0-2: Strikes out swinging
|
Batting: LHB Elmo Dreier
|
0-0: Fly out, F8 (Flyball, 78M, EV 97.5 MPH)
|
Bottom of the 3rd over - 0 runs, 0 hits, 0 errors, 0 left on base; Milwaukee (NYP) 0 - Brooklyn 0 |
TOP OF THE 4TH |
Milwaukee (NYP) Brewers batting - Pitching for Brooklyn Cyclones : RHP David Mejia
|
Batting: RHB Ryan Miller
|
0-0: Called Strike 0-1: Called Strike 0-2: Ball 1-2: Ball 2-2: Ball 3-2: Strikes out swinging, 2-3 out at first.
|
Batting: LHB Karel Hort
|
0-0: Ball 1-0: Ball 2-0: Called Strike 2-1: Foul Ball, location: 2F 2-2: Ground out 6-3 (Groundball, 6M, EV 101.9 MPH)
|
Batting: RHB Jeremy Harden
|
0-0: Ball 1-0: Foul Ball, location: 2F 1-1: SINGLE (Flyball, 34D, EV 83.1 MPH)
|
Batting: SHB Jerry Duffy
|
0-0: Foul Ball, location: 2F 0-1: Ball 1-1: Ball Wild Pitch! Jeremy Harden to second 2-1: SINGLE (Groundball, 6S, EV 64.4 MPH) (infield hit) Jeremy Harden to third
|
Batting: LHB Paul Collins
|
0-0: Called Strike 0-1: Ball 1-1: Foul Ball, location: 2F 1-2: Ball 2-2: Ground out 4-3 (Groundball, 4, EV 83.8 MPH)
|
Top of the 4th over - 0 runs, 2 hits, 0 errors, 2 left on base; Milwaukee (NYP) 0 - Brooklyn 0 |
BOTTOM OF THE 4TH |
Brooklyn Cyclones batting - Pitching for Milwaukee (NYP) Brewers : RHP Josh Pelletier
|
Batting: RHB Jack Nickleberry
|
0-0: Called Strike 0-1: Foul Ball, location: 2F 0-2: Ground out 3-1 (Groundball, 34, EV 87.5 MPH)
|
Batting: RHB Jake Geib
|
0-0: Called Strike 0-1: Called Strike 0-2: Ground out 5-3 (Groundball, 5, EV 106.2 MPH)
|
Batting: LHB Miguel Ramos
|
0-0: Ball 1-0: Foul Ball, location: 2F 1-1: Ground out U3 (Groundball, 23, EV 87.5 MPH)
|
Bottom of the 4th over - 0 runs, 0 hits, 0 errors, 0 left on base; Milwaukee (NYP) 0 - Brooklyn 0 |
TOP OF THE 5TH |
Milwaukee (NYP) Brewers batting - Pitching for Brooklyn Cyclones : RHP David Mejia
|
Batting: RHB Dusty Bates
|
0-0: Called Strike 0-1: Swinging Strike 0-2: Ball 1-2: Ball 2-2: Strikes out swinging
|
Batting: RHB Dan Allred
|
0-0: Ball 1-0: Ball 2-0: Called Strike 2-1: Ground out U3 (Groundball, 34, EV 87.5 MPH)
|
Batting: SHB Sam Bingham
|
0-0: Ball 1-0: Called Strike 1-1: Fly out, F4 (Line Drive, 4, EV 66.9 MPH)
|
Top of the 5th over - 0 runs, 0 hits, 0 errors, 0 left on base; Milwaukee (NYP) 0 - Brooklyn 0 |
BOTTOM OF THE 5TH |
Brooklyn Cyclones batting - Pitching for Milwaukee (NYP) Brewers : RHP Josh Pelletier
|
Batting: RHB Ryan Marler
|
0-0: DOUBLE (Flyball, 89XD, EV 102.5 MPH)
|
Batting: RHB Victor Reyes
|
0-0: DOUBLE (Flyball, 8RXD, EV 111.2 MPH) Ryan Marler scores
|
Batting: RHB Trent Hood
|
0-0: Foul Ball, location: 2F 0-1: Ground out 5-3 (Groundball, 5, EV 85.0 MPH)
|
Batting: SHB Callum Lynch
|
0-0: Intentional Walk
|
Batting: RHB Roberto Delgado
|
0-0: Fielders Choice at 2nd, 6-4 (Groundball, 6, EV 84.4 MPH) Victor Reyes to third
|
Batting: LHB Elmo Dreier
|
0-0: Ball 1-0: Called Strike 1-1: Ground out U3 (Groundball, 3, EV 86.9 MPH)
|
Bottom of the 5th over - 1 run, 2 hits, 0 errors, 2 left on base; Milwaukee (NYP) 0 - Brooklyn 1 |
TOP OF THE 6TH |
Milwaukee (NYP) Brewers batting - Pitching for Brooklyn Cyclones : RHP David Mejia
|
Batting: LHB Mark Backstrom
|
0-0: Ball 1-0: DOUBLE (Flyball, 8RXD, EV 115.0 MPH)
|
Batting: RHB Ryan Miller
|
0-0: Ball 1-0: Called Strike 1-1: Ball 2-1: Ball 3-1: Base on Balls
|
Batting: LHB Karel Hort
|
0-0: Ball 1-0: Ball 2-0: Ball 3-0: Called Strike 3-1: SINGLE (Groundball, 6D, EV 103.1 MPH) Mark Backstrom to third Ryan Miller to second
|
Pitching: RHP Brett Cooke
|
|
Batting: RHB Jeremy Harden
|
0-0: Ball 1-0: Foul Ball, location: 2F 1-1: Fly out, F8 (Flyball, 8LXD, EV 91.9 MPH) Runner from 3rd tags up, SCORES, no throw by CF
|
Batting: SHB Jerry Duffy
|
0-0: Ball 1-0: Grounds into double play, 6-4-3 (Groundball, 6, EV 101.2 MPH)
|
Top of the 6th over - 1 run, 2 hits, 0 errors, 1 left on base; Milwaukee (NYP) 1 - Brooklyn 1 |
BOTTOM OF THE 6TH |
Brooklyn Cyclones batting - Pitching for Milwaukee (NYP) Brewers : RHP Josh Pelletier
|
Batting: RHB Jack Nickleberry
|
0-0: Foul Ball, location: 2F 0-1: Ball 1-1: Ball 2-1: Ball 3-1: Fly out, F9 (Line Drive, 9, EV 94.4 MPH)
|
Batting: RHB Jake Geib
|
0-0: Called Strike 0-1: Ball 1-1: Ball 2-1: Called Strike 2-2: Foul Ball, location: 2F 2-2: Ground out 5-3 (Groundball, 56, EV 83.1 MPH)
|
Batting: LHB Miguel Ramos
|
0-0: Foul Ball, location: 2F 0-1: Ball 1-1: Ground out 4-3 (Groundball, 4, EV 88.8 MPH)
|
Bottom of the 6th over - 0 runs, 0 hits, 0 errors, 0 left on base; Milwaukee (NYP) 1 - Brooklyn 1 |
TOP OF THE 7TH |
Milwaukee (NYP) Brewers batting - Pitching for Brooklyn Cyclones : RHP Brett Cooke
|
Batting: LHB Paul Collins
|
0-0: Ball 1-0: Foul Ball, location: 2F 1-1: Ball 2-1: Called Strike 2-2: Strikes out swinging
|
Batting: RHB Dusty Bates
|
0-0: Ball 1-0: Ball 2-0: Called Strike 2-1: Fly out, F9 (Line Drive, 9, EV 91.9 MPH)
|
Batting: RHB Dan Allred
|
0-0: Ball 1-0: Called Strike 1-1: SINGLE (Line Drive, 78S, EV 104.4 MPH)
|
Batting: SHB Sam Bingham
|
0-0: Called Strike 0-1: Ball 1-1: Foul Ball, location: 2F 1-2: Reached on error, E1 (Groundball, P, EV 68.8 MPH) Dan Allred to second
|
Batting: LHB Mark Backstrom
|
0-0: Ball 1-0: Ball Wild Pitch! Dan Allred to third Sam Bingham to second 2-0: Called Strike 2-1: Foul Ball, location: 2F 2-2: Ball 3-2: Strikes out swinging
|
Top of the 7th over - 0 runs, 1 hit, 1 error, 2 left on base; Milwaukee (NYP) 1 - Brooklyn 1 |
BOTTOM OF THE 7TH |
Brooklyn Cyclones batting - Pitching for Milwaukee (NYP) Brewers : RHP Josh Pelletier
|
Batting: RHB Ryan Marler
|
0-0: Foul Ball, location: 2F 0-1: Foul Ball, location: 2F 0-2: Ball 1-2: Strikes out looking
|
Batting: RHB Victor Reyes
|
0-0: Ball 1-0: Swinging Strike 1-1: Called Strike 1-2: Ball 2-2: Ground out 4-3 (Groundball, 4D, EV 83.1 MPH)
|
Batting: RHB Trent Hood
|
0-0: Called Strike 0-1: SINGLE (Groundball, 34D, EV 98.1 MPH)
|
Batting: SHB Callum Lynch
|
0-0: Called Strike 0-1: Swinging Strike 0-2: Ball 1-2: Fielders Choice at 2nd, 6-4 (Groundball, 6, EV 108.8 MPH)
|
Bottom of the 7th over - 0 runs, 1 hit, 0 errors, 1 left on base; Milwaukee (NYP) 1 - Brooklyn 1 |
TOP OF THE 8TH |
Milwaukee (NYP) Brewers batting - Pitching for Brooklyn Cyclones : RHP Brett Cooke
|
Batting: RHB Ryan Miller
|
0-0: Foul Ball, location: 2F 0-1: Ball 1-1: Ball 2-1: Ball 3-1: Fly out, F7 (Flyball, 78M, EV 85.6 MPH)
|
Pitching: LHP Jose Diaz
|
|
Batting: LHB Karel Hort
|
0-0: Foul Ball, location: 2F 0-1: Ball 1-1: Ball 2-1: SINGLE (Groundball, 34D, EV 96.2 MPH)
|
Pitching: LHP Scott Carr
|
|
Batting: RHB Jeremy Harden
|
0-0: Called Strike 0-1: Called Strike 0-2: Ball Karel Hort is caught stealing 2nd base 2-4 1-2: Strikes out swinging
|
Top of the 8th over - 0 runs, 1 hit, 0 errors, 0 left on base; Milwaukee (NYP) 1 - Brooklyn 1 |
BOTTOM OF THE 8TH |
Brooklyn Cyclones batting - Pitching for Milwaukee (NYP) Brewers : RHP Josh Pelletier
|
Batting: RHB Jayden Copeland
|
0-0: Ball 1-0: Ball 2-0: SINGLE (Groundball, 4MD, EV 98.8 MPH)
|
Batting: LHB Elmo Dreier
|
0-0: Sac Bunt to 23 - play at first, batter OUT! 3-4 Jayden Copeland to second
|
Batting: RHB Jack Nickleberry
|
0-0: SINGLE (Line Drive, 4M, EV 100.6 MPH) Jayden Copeland to third
|
Batting: RHB Jake Geib
|
0-0: Ball 1-0: Called Strike 1-1: Fly out, F7 (Line Drive, 7, EV 101.2 MPH) Runner from 3rd tags up, SCORES, throw by LF
|
Batting: LHB Miguel Ramos
|
0-0: Ball Jack Nickleberry steals 2nd base 1-0: Intentional Walk
|
Batting: RHB Ryan Marler
|
0-0: Swinging Strike 0-1: Ground out U3 (Groundball, 3, EV 89.4 MPH)
|
Bottom of the 8th over - 1 run, 2 hits, 0 errors, 2 left on base; Milwaukee (NYP) 1 - Brooklyn 2 |
TOP OF THE 9TH |
Milwaukee (NYP) Brewers batting - Pitching for Brooklyn Cyclones : LHP Scott Carr
|
Pitching: RHP Leo Burgos
|
|
Now at 1B: Salvador Gomez
|
|
Now in LF: Ryan Brown
|
|
Now in CF: Jake Geib
|
|
Now in RF: Callum Lynch
|
|
Batting: SHB Jerry Duffy
|
0-0: Foul Ball, location: 2F 0-1: Foul Ball, location: 2F 0-2: Ball 1-2: Foul Ball, location: 2F 1-2: Strikes out swinging
|
Batting: LHB Paul Collins
|
0-0: Called Strike 0-1: Ball 1-1: Ball 2-1: Ball 3-1: Swinging Strike 3-2: Base on Balls
|
Pinch Hitting: LHB Umar Matoub
|
0-0: Called Strike 0-1: Ball 1-1: Fielders Choice at 2nd, 3-6 (Groundball, 23, EV 87.5 MPH)
|
Pinch Hitting: LHB Steven Donovan
|
0-0: Foul Ball, location: 2F 0-1: Ball 1-1: Foul Ball, location: 2F 1-2: Foul Ball, location: 2F 1-2: Ball 2-2: SINGLE (Groundball, P, EV 86.2 MPH) (infield hit) Umar Matoub to second
|
Pinch Runner at 1st Sal Burgos:
|
|
Batting: SHB Sam Bingham
|
0-0: Called Strike 0-1: Foul Ball, location: 2F 0-2: Ball 1-2: Strikes out looking
|
Top of the 9th over - 0 runs, 1 hit, 0 errors, 2 left on base; Milwaukee (NYP) 1 - Brooklyn 2 |
|